Map: [ESL] Gresvan

Players

Has

  • Race: Protoss Protoss
  • Spawn Location: 5:00

Clem - Winner!

  • Race: Terran Terran
  • Spawn Location: 11:00

Event: ESL SC2 Masters 2023 Summer (Finals)

VOD

Have the link to the VOD?

Description

Time

  • Played on: June 16, 2023, 11:42 a.m.
  • Length: 6:03

All games in this series

Show
View Real Time Build Order
Export as new Build Order

Has Protoss 

Build Orders: 1 Gate Expand, Blink Stalkers 

Get SALT Encoding   

  12  0:00  Probe  
  13  0:12  Probe  
  14  0:17  Pylon  
  14  0:24  Probe (Chrono Boost)  
  16  0:36  Gateway  
  16  0:37  Probe (Chrono Boost)  
  16  0:42  Probe (Chrono Boost)  
  16  0:45  Assimilator  
  17  0:52  Probe  
  18  1:04  Probe  
  19  1:16  Probe  
  20  1:22  Cybernetics Core  
  20  1:28  Probe  
  21  1:38  Nexus  
  21  1:45  Pylon  
  21  1:51  Assimilator  
  22  1:57  Stalker (Chrono Boost)  
  22  2:01  Warp Gate  
  23  2:05  Probe  
  24  2:17  Probe  
  24  2:20  Twilight Council  
  25  2:28  Stalker  
  27  2:30  Probe  
  28  2:42  Probe  
  28  2:51  Blink (Chrono Boost)  
  28  2:52  Probe (Chrono Boost)  
  30  3:00  Probe (Chrono Boost)  
  30  3:02  Probe (Chrono Boost)  
  30  3:04  Gateway  
  31  3:07  Probe x2 (Chrono Boost)  
  33  3:18  Probe, Robotics Facility  
  34  3:20  Probe  
  35  3:30  Gateway  
  35  3:31  Probe  
  36  3:38  Probe  
  37  3:44  Probe  
  36  3:48  Gateway  
  36  3:51  Probe  
  37  3:55  Stalker  
  37  3:59  Stalker  
  37  4:02  Warp Prism (Chrono Boost)  
  43  4:10  Pylon  
  43  4:12  Probe  
  44  4:20  Pylon, Stalker  
  46  4:30  Stalker x2  
  50  4:40  Pylon  
  44  4:56  Stalker x4  
  52  5:02  Probe x2  
  54  5:19  Stalker  
  54  5:20  Stalker x2  
  54  5:23  Zealot  
  44  5:43  Stalker x2  
  44  5:44  Stalker  
Show
View Real Time Build Order
Export as new Build Order

Clem Terran - Winner!

Build Orders: Reaper Expand 

Get SALT Encoding   

  12  0:00  SCV  
  13  0:12  SCV  
  14  0:17  Supply Depot  
  14  0:24  SCV  
  15  0:38  SCV  
  15  0:40  Barracks  
  16  0:43  Refinery  
  16  0:50  SCV  
  17  1:02  SCV  
  18  1:15  SCV  
  19  1:27  Orbital Command, Reaper  
  20  1:40  Command Center  
  20  1:47  Supply Depot  
  20  1:53  SCV  
  21  1:59  Marine  
  22  2:05  SCV  
  23  2:09  Factory  
  23  2:16  Bunker  
  23  2:21  SCV  
  25  2:27  Barracks Reactor  
  25  2:28  Refinery  
  24  2:33  SCV  
  25  2:45  SCV  
  26  2:53  Hellion  
  26  2:54  Orbital Command  
  26  2:56  Starport  
  26  2:57  SCV  
  29  3:04  Marine x2  
  31  3:10  SCV  
  32  3:14  Widow Mine, Supply Depot  
  34  3:20  SCV  
  34  3:22  SCV  
  34  3:23  Marine  
  34  3:24  Marine  
  38  3:32  Medivac  
  40  3:34  SCV  
  40  3:36  SCV, Factory Tech Lab  
  42  3:44  Barracks, Marine x2  
  42  3:47  SCV  
  44  3:48  SCV  
  44  3:53  Supply Depot  
  45  3:57  Siege Tank  
  45  3:59  SCV  
  45  4:01  SCV  
  50  4:04  Marine x2  
  52  4:11  SCV  
  52  4:12  Starport Tech Lab  
  52  4:13  SCV  
  52  4:15  Barracks  
  54  4:23  SCV  
  55  4:24  Marine x2  
  55  4:25  SCV  
  55  4:29  Siege Tank  
  61  4:31  Supply Depot  
  61  4:37  SCV  
  62  4:41  Engineering Bay  
  62  4:46  Marine x2  
  62  4:47  Bunker  
  62  4:50  Supply Depot  
  62  4:53  Marauder  
  62  4:57  SCV  
  62  4:58  SCV  
  66  5:01  Refinery  
  66  5:02  Siege Tank  
  69  5:07  Marine, Missile Turret  
  69  5:12  Marine x2  
  72  5:14  SCV  
  72  5:15  Marauder  
  72  5:19  Supply Depot  
  75  5:22  Supply Depot  
  75  5:26  Marine  
  76  5:29  Marine  
  69  5:36  Marauder  
  73  5:43  SCV  
  73  5:45  Supply Depot  
  73  5:47  SCV  
  75  5:56  Barracks Tech Lab  
Tags
 
Add a new tag
Caveats
  • Supply blocks, unpowered buildings, or Contaminate may cause inaccurate times.
  • Supply counts are checked every 10 seconds.